Map: Lerilak Crest

Players

Utro - Winner!

  • Race: Protoss Protoss
  • League: Master

LilDicky

  • Race: Terran Terran
  • League: Diamond

VOD

http://www.twitch.tv/tumescentpie

Description

Time

  • Played on: Dec. 10, 2015, 3:33 p.m.
  • Length: 5:12
Show
View Real Time Build Order
Export as new Build Order

Utro Protoss - Winner!

Build Orders: Oracle Opening 

Get SALT Encoding   

  12  0:01  Probe (Chrono Boost)  
  13  0:11  Probe (Chrono Boost)  
  14  0:19  Pylon  
  14  0:22  Probe (Chrono Boost)  
  15  0:37  Probe (Chrono Boost)  
  15  0:40  Gateway  
  16  0:47  Assimilator  
  16  0:51  Assimilator  
  16  0:55  Probe (Chrono Boost)  
  17  1:05  Probe (Chrono Boost)  
  18  1:16  Probe (Chrono Boost)  
  19  1:26  Probe (Chrono Boost)  
  19  1:27  Pylon  
  19  1:28  Cybernetics Core  
  20  1:37  Probe (Chrono Boost)  
  21  1:47  Probe (Chrono Boost)  
  22  1:58  Probe (Chrono Boost)  
  23  2:03  Warp Gate (Chrono Boost)  
  23  2:05  Adept (Chrono Boost)  
  25  2:09  Stargate  
  25  2:16  Gateway  
  25  2:29  Adept  
  27  2:30  Mothership Core (Chrono Boost)  
  29  2:41  Gateway  
  29  2:57  Pylon  
  29  3:13  Adept, Pylon  
  29  3:18  Oracle (Chrono Boost)  
  34  3:37  Pylon  
  34  3:43  Gateway  
  38  4:09  Forge  
  28  4:17  Oracle (Chrono Boost)  
  28  4:22  Adept  
  28  4:23  Adept  
  29  4:47  Photon Cannon  
  29  4:53  Stalker  
Show
View Real Time Build Order
Export as new Build Order

LilDicky Terran 

Build Orders:  

Get SALT Encoding   

  12  0:02  SCV  
  13  0:26  SCV  
  14  0:29  Supply Depot  
  14  0:39  SCV  
  15  0:51  SCV  
  15  0:55  Barracks  
  16  0:59  Refinery  
  16  1:04  SCV  
  17  1:34  SCV  
  19  1:48  Marine  
  19  1:51  Orbital Command  
  19  1:52  Supply Depot  
  19  1:59  Refinery  
  19  2:00  Barracks  
  19  2:01  Barracks  
  19  2:10  Barracks Reactor  
  19  2:16  Marine  
  19  2:21  Factory  
  20  2:25  SCV  
  21  2:36  Barracks Reactor  
  21  2:39  SCV  
  22  2:51  SCV  
  23  2:58  Barracks Tech Lab  
  23  2:59  Barracks Tech Lab  
  23  3:03  SCV  
  24  3:14  Supply Depot  
  24  3:15  SCV  
  25  3:26  Widow Mine  
  27  3:28  SCV  
  28  3:35  Marine x2  
  28  3:36  Marine  
  28  3:40  SCV  
  28  3:41  Combat Shields, Marine  
  33  3:52  SCV  
  33  3:53  Marine x2  
  36  3:56  Marine  
  36  3:57  Supply Depot  
  36  3:59  Marine  
  35  4:04  SCV  
  30  4:11  Marine x2  
  32  4:23  Marauder  
  32  4:24  Marauder  
  35  4:26  Widow Mine  
  35  4:28  Marine  
  35  4:29  Marine  
  39  4:48  Supply Depot  
Tags
 
Add a new tag
Caveats
  • Supply blocks, unpowered buildings, or Contaminate may cause inaccurate times.
  • Supply counts are checked every 10 seconds.